Map: Cactus Valley LE (Void)

Players

HEMORRHOIDS - Winner!

  • Race: Protoss Protoss
  • League: Diamond
  • Spawn Location: 11:00

JustEj

  • Race: Zerg Zerg
  • League: Diamond
  • Spawn Location: 5:00

VOD

Have the link to the VOD?

Description

Time

  • Played on: March 19, 2017, 3:51 p.m.
  • Length: 13:30
Show
View Real Time Build Order
Export as new Build Order

HEMORRHOIDS Protoss - Winner!

Build Orders:  

Get SALT Encoding   

  12  0:01  Probe (Chrono Boost)  
  13  0:12  Probe (Chrono Boost)  
  14  0:22  Probe (Chrono Boost)  
  14  0:27  Pylon  
  15  0:45  Probe (Chrono Boost)  
  16  0:54  Gateway  
  16  0:55  Probe (Chrono Boost)  
  17  1:06  Probe (Chrono Boost)  
  18  1:11  Assimilator  
  18  1:15  Assimilator  
  18  1:17  Probe (Chrono Boost)  
  19  1:27  Probe (Chrono Boost)  
  19  1:31  Gateway  
  20  1:33  Pylon  
  20  1:35  Forge  
  20  1:37  Zealot  
  23  1:55  Probe (Chrono Boost)  
  23  2:01  Zealot  
  23  2:08  Probe (Chrono Boost)  
  26  2:20  Photon Cannon  
  24  2:24  Photon Cannon  
  24  2:25  Zealot  
  24  2:29  Zealot  
  28  2:32  Protoss Ground Weapons Level 1  
  28  2:56  Probe (Chrono Boost)  
  29  3:05  Zealot  
  31  3:17  Pylon  
  31  3:31  Nexus  
  31  3:35  Zealot  
  31  3:36  Zealot  
  31  3:37  Probe (Chrono Boost)  
  36  3:58  Pylon  
  36  4:07  Cybernetics Core  
  36  4:19  Photon Cannon  
  36  4:45  Stargate  
  36  4:46  Stargate  
  36  4:49  Probe (Chrono Boost), Pylon  
  37  4:59  Probe (Chrono Boost)  
  38  5:10  Probe (Chrono Boost)  
  38  5:13  Assimilator  
  39  5:17  Assimilator  
  39  5:20  Probe (Chrono Boost)  
  40  5:31  Probe (Chrono Boost)  
  41  5:41  Probe (Chrono Boost)  
  38  5:48  Oracle  
  38  5:49  Oracle  
  36  5:52  Probe (Chrono Boost)  
  36  5:55  Stargate  
  36  5:56  Stargate  
  37  5:57  Pylon  
  37  6:02  Probe (Chrono Boost)  
  39  6:09  Pylon  
  39  6:13  Probe (Chrono Boost)  
  39  6:16  Mothership Core (Chrono Boost)  
  41  6:23  Probe (Chrono Boost)  
  41  6:24  Oracle  
  45  6:27  Oracle  
  48  6:35  Pylon  
  48  6:39  Oracle  
  52  6:47  Probe (Chrono Boost)  
  52  6:57  Oracle, Probe (Chrono Boost)  
  56  7:06  Nexus  
  56  7:08  Probe (Chrono Boost)  
  60  7:18  Probe (Chrono Boost)  
  61  7:29  Probe (Chrono Boost)  
  67  7:48  Phoenix x2  
  67  7:49  Phoenix x2  
  66  8:13  Phoenix x3  
  66  8:43  Void Ray x3  
  69  10:14  Pylon  
  69  10:16  Pylon  
  69  10:18  Pylon  
  69  10:24  Pylon  
  69  10:26  Pylon  
  69  10:31  Pylon  
  69  10:34  Void Ray x2  
  77  10:36  Void Ray  
  77  10:42  Nexus  
  81  10:48  Void Ray  
  85  10:58  Pylon  
  85  11:01  Pylon  
  85  11:21  Oracle  
  88  11:25  Pylon  
  88  11:27  Pylon  
  88  11:30  Pylon  
  88  11:31  Assimilator  
  88  11:35  Assimilator  
  77  12:19  Probe (Chrono Boost)  
  77  12:21  Oracle x2  
  84  12:29  Probe (Chrono Boost)  
Show
View Real Time Build Order
Export as new Build Order

JustEj Zerg 

Build Orders: Pool First 

Get SALT Encoding   

  12  0:19  Spawning Pool  
  11  0:22  Drone  
  11  0:26  Drone  
  13  0:31  Drone  
  14  0:40  Overlord  
  14  1:06  Zergling x6  
  17  1:16  Hatchery  
  16  1:23  Zergling x2  
  17  1:32  Queen  
  19  1:47  Drone  
  19  1:48  Overlord  
  19  2:21  Drone x3  
  19  2:45  Drone x4  
  19  2:49  Queen  
  19  2:50  Hatchery  
  24  2:57  Drone x2  
  26  3:04  Overlord  
  27  3:05  Drone x2  
  27  3:07  Drone  
  27  3:11  Drone  
  30  3:13  Drone  
  31  3:24  Drone x2  
  33  3:32  Extractor  
  33  3:34  Drone, Extractor  
  31  3:35  Drone  
  33  3:49  Drone x4  
  37  4:01  Overlord  
  37  4:02  Drone x2  
  39  4:04  Queen, Extractor  
  39  4:05  Drone  
  39  4:07  Queen  
  43  4:11  Overlord  
  43  4:13  Overlord  
  43  4:18  Drone x2  
  43  4:22  Lair  
  45  4:26  Drone x3  
  48  4:31  Drone x2, Overlord  
  48  4:34  Drone  
  48  4:37  Overlord  
  51  4:40  Drone  
  51  4:41  Drone  
  53  4:48  Extractor  
  52  4:54  Metabolic Boost  
  52  4:56  Roach Warren  
  52  4:57  Drone x2  
  52  4:58  Drone x2  
  55  5:04  Evolution Chamber  
  54  5:24  Zergling x2  
  54  5:25  Zergling x8  
  59  5:32  Hatchery  
  59  5:34  Spire  
  57  5:40  Zergling x2, Roach x4  
  65  5:49  Glial Reconstitution  
  62  6:05  Zerg Melee Weapons Level 1  
  62  6:07  Drone x2  
  62  6:08  Drone x3  
  62  6:09  Overlord  
  67  6:16  Spore Crawler  
  67  6:18  Spore Crawler  
  65  6:26  Overseer  
  65  6:41  Overlord  
  65  6:42  Drone x3  
  68  6:48  Mutalisk  
  68  6:49  Mutalisk x6  
  82  6:59  Roach  
  84  7:01  Extractor  
  84  7:03  Extractor  
  84  7:04  Roach x2  
  84  7:06  Roach  
  88  7:13  Roach x2  
  92  7:21  Roach x2  
  92  7:22  Overlord x2  
  96  7:29  Queen  
  96  7:35  Overlord x2  
  98  7:38  Hatchery  
  97  7:46  Roach x5  
  97  7:50  Spore Crawler  
  97  7:51  Ravager x2  
  108  7:57  Mutalisk  
  108  7:58  Mutalisk  
  108  8:12  Mutalisk x2  
  99  8:25  Overseer  
  97  8:27  Zergling x2  
  97  8:28  Zergling x6  
  101  8:43  Mutalisk x2  
  95  9:03  Hydralisk Den  
  95  9:04  Drone x2  
  90  9:12  Queen  
  90  9:13  Queen  
  90  9:38  Hydralisk x5  
  93  9:47  Hydralisk x4  
  97  9:55  Spore Crawler  
  96  10:05  Hydralisk x2  
  97  10:14  Drone x2  
  99  10:30  Hydralisk x2  
  99  10:31  Hydralisk  
  105  10:43  Muscular Augments  
  93  11:04  Drone  
  93  11:05  Drone x7  
  101  11:14  Hydralisk  
  101  11:23  Drone x2  
  103  11:30  Spore Crawler  
  103  11:31  Drone  
  103  11:39  Hydralisk  
  98  11:47  Hydralisk  
  84  11:55  Hydralisk  
  78  12:05  Hydralisk x2  
  79  12:17  Hydralisk x2  
  83  12:26  Hydralisk  
  83  12:29  Ravager  
  86  12:30  Ravager  
  86  12:31  Ravager  
  82  12:48  Hydralisk x2  
  82  12:49  Hydralisk  
Tags
 
Add a new tag
Caveats
  • Supply blocks, unpowered buildings, or Contaminate may cause inaccurate times.
  • Supply counts are checked every 10 seconds.